 Dungeon Crawl Stone Soup version 0.21.1-1-g345015f (webtiles) character file.

12872 Fang the Cleaver (level 12, -11/75 HPs)
             Began as a Gargoyle Berserker on May 31, 2018.
             Was the Champion of Trog.
             Mangled by a red ugly thing (21 damage)
             ... on level 11 of the Dungeon on June 1, 2018.
             The game lasted 00:17:36 (9659 turns).

Fang the Cleaver (Gargoyle Berserker)               Turns: 9659, Time: 00:17:38

Health: -11/75     AC: 18    Str: 32    XL:     12   Next: 0%
Magic:  12/12      EV: 18    Int:  7    God:    Trog [******]
Gold:   563        SH:  0    Dex:  9    Spells: 11/11 levels left

rFire    . . .     SeeInvis +   f - +9 battleaxe (chop)
rCold    . . .     Gourm    .   (shield currently unavailable)
rNeg     + . .     Faith    .   y - +1 ring mail of the Pit {Str+5 SInv Stlth+}
rPois    ∞         Spirit   .   (no helmet)
rElec    +         Reflect  .   t - +1 cloak {MR+}
rCorr    .         Harm     +   (no gloves)
MR       +....                  (no boots)
Stlth    +++++.....             l - amulet of harm
HPRegen  0.22/turn              g - +5 ring of evasion
MPRegen  0.13/turn              n - ring of stealth

@: berserk cooldown, slowed, very slow
A: negative energy resistance 1, electricity resistance, unbreathing,
petrification resistance, rot immunity, AC +8
a: Berserk, Trog's Hand, Brothers in Arms, Burn Spellbooks, Renounce Religion


You were on level 11 of the Dungeon.
You worshipped Trog.
Trog was exalted by your worship.
You were near starving.

You visited 2 branches of the dungeon, and saw 12 of its levels.

You collected 563 gold pieces.

Inventory:

Hand Weapons
 a - a +1 hand axe of freezing
 f - a +9 battleaxe of chopping (weapon)
Missiles
 L - 8 needles of sleeping
 N - 8 javelins of returning (quivered)
Armour
 b - a +0 animal skin
 t - a +1 cloak of magic resistance (worn)
 w - a scarf of repulsion
 y - the +1 ring mail of the Pit (worn) {Str+5 SInv Stlth+}
   (You found it on level 5 of the Dungeon)

   It affects your strength (+5).
   It lets you see invisible.
   It makes you more stealthy.
Jewellery
 g - a +5 ring of evasion (left hand)
 l - an amulet of harm (around neck)
 n - a ring of stealth (right hand)
 G - an uncursed amulet of guardian spirit
 H - an uncursed ring of resist corrosion {unknown}
 P - an uncursed ring of ice
Wands
 d - a wand of random effects (25)
 o - a wand of clouds (9)
 u - a wand of scattershot (4)
 x - a wand of iceblast (18)
 K - a wand of paralysis (10)
Scrolls
 i - 6 scrolls of teleportation
 j - a scroll of magic mapping
 m - 3 scrolls of blinking
 s - 2 scrolls of fear
 F - 2 scrolls of identify
 M - a scroll of holy word {unknown}
 Q - a scroll of enchant armour {unknown}
Potions
 e - a potion of flight
 h - a potion of cancellation
 p - 3 potions of curing
 q - 2 potions of heal wounds
 r - a potion of invisibility {unknown}
 v - 3 potions of might
 z - 2 potions of berserk rage
 B - a potion of degeneration {unknown}
 C - 2 potions of mutation {unknown}
 D - a potion of magic
 E - a potion of ambrosia
 I - a potion of lignification {unknown}
Books
 k - a book of Geomancy

   Spells                             Type                      Level
   a - Sandblast                      Earth                        1
   b - Passwall                       Transmutation/Earth          2
   c - Stone Arrow                    Conjuration/Earth            3
   d - Petrify                        Transmutation/Earth          4
   e - Lee's Rapid Deconstruction     Earth                        5
   Trog disapproves of the use of such an item.
 A - a book of Geomancy

   Spells                             Type                      Level
   a - Sandblast                      Earth                        1
   b - Passwall                       Transmutation/Earth          2
   c - Stone Arrow                    Conjuration/Earth            3
   d - Petrify                        Transmutation/Earth          4
   e - Lee's Rapid Deconstruction     Earth                        5
   Trog disapproves of the use of such an item.
 J - a book of Cantrips

   Spells                             Type                      Level
   a - Confusing Touch                Hexes                        1
   b - Animate Skeleton               Necromancy                   1
   c - Summon Small Mammal            Summoning                    1
   d - Apportation                    Translocation                1
   Trog disapproves of the use of such an item.
 O - a book of Necromancy

   Spells                             Type                      Level
   a - Pain                           Necromancy                   1
   b - Animate Skeleton               Necromancy                   1
   c - Vampiric Draining              Necromancy                   3
   d - Regeneration                   Charms/Necromancy            3
   e - Animate Dead                   Necromancy                   4
   f - Borgnjor's Vile Clutch         Necromancy/Earth             5
   Trog disapproves of the use of such an item.
Comestibles
 c - 15 rations


   Skills:
 + Level 8.8 Fighting
 + Level 12.8 Axes
 + Level 5.9 Armour
 + Level 5.3 Dodging
 + Level 7.9 Stealth


You had 11 spell levels left.
You didn't know any spells.

Dungeon Overview and Level Annotations

Branches:
Dungeon (11/15)            Temple (1/1) D:4            Lair (0/6) D:10
    Orc: D:9-12

Altars:
Ashenzari
Cheibriados
Dithmenos
Elyvilon
Fedhas
Gozag
Hepliaklqana
Kikubaaqudgha
Makhleb
Nemelex Xobeh
Okawaru
Qazlal
Ru
Sif Muna
Trog
Uskayaw
Vehumet
Wu Jian
Xom
Yredelemnul
Zin
The Shining One

Shops:
D:4 [   D:10 =

Annotations:
D:9 2 transporters


Innate Abilities, Weirdness & Mutations

You are resistant to torment.
Your stone body is resilient. (AC +8)
You are immune to poison.
You resist negative energy. (rN+)
You are resistant to electric shocks. (rElec)
You can survive without breathing.
You are immune to petrification.
You are immune to rotting.


Message History

The red ugly thing is moderately wounded.
The red ugly thing stings you.
You are engulfed in flames!
The red ugly thing completely misses you.
You are too injured to fight recklessly!
You are too injured to fight recklessly!
You are too injured to fight recklessly!
You are too injured to fight recklessly!
You are too injured to fight recklessly!
You are too injured to fight recklessly!
You are too injured to fight recklessly!
You are too injured to fight recklessly!
Unknown command.
You barely miss the red ugly thing.
The red ugly thing is moderately wounded.
The red ugly thing stings you.
You are engulfed in flames!
* * * LOW HITPOINT WARNING * * *
The red ugly thing stings you.
* * * LOW HITPOINT WARNING * * *
You are engulfed in flames!!
You die...

#..# ##### #..##### ### ....#
#..#... #.. ###.# ##..#.## #.#
#.###......#### ## ###
##.##......###8###.##
#...##......#...#...#..
#...........))..)......
#(..###.#...[).@u...... #####
#.####))..)...... ##+##
##...#...#.. # ##...## ##8###8##
# ##.....## ################### #
##.......## ##.........##.##.
####.........####...##.######.#..
.†.'........)'...............#...
####.........####..>##.######.#..


You could see a red ugly thing.

Vanquished Creatures
  Fannar (D:11)
  Erolcha (D:9)
  A two-headed ogre (D:7)
  Urug (D:11)
  An unseen horror (D:10)
  Maurice (D:11)
  A troll (D:10)
  Grinder (D:3)
  A hornet (D:10)
  2 hippogriffs (D:11)
  A wyvern (D:10)
  A wraith (D:11)
  14 yaks
  Eustachio (D:4)
  A hungry ghost (D:10)
  Edmund (D:6)
  2 hell hounds (D:10)
  A water moccasin (D:8)
  The ghost of Naiya55 the Digger, an amateur GrEE (D:3)
  7 orc warriors
  A phantom (D:11)
  4 sky beasts
  8 ogres
  2 ice beasts
  A necrophage (D:10)
  4 centaurs
  A big kobold (D:7)
  4 bullfrogs
  A wyvern skeleton (D:10)
  A water moccasin zombie (D:9)
  2 scorpions
  11 killer bees
  6 howler monkeys
  4 crimson imps
  A bullfrog zombie (D:7)
  2 centaur zombies
  6 orc priests
  9 hounds
  3 jellies
  2 bullfrog skeletons
  Crazy Yiuf (D:3)
  Ijyb (D:4)
  7 worker ants
  An iguana (D:9)
  14 orc wizards
  A howler monkey skeleton (D:10)
  10 adders
  7 gnolls
  3 shadow imps
  4 oozes
  2 adder skeletons
  2 adder zombies
  2 worms
  3 dart slugs
  6 leopard geckos
  34 orcs
  5 giant cockroaches
  5 goblins
  3 hobgoblins (D:1)
  18 jackals
  6 quokkas
  2 ball pythons
  9 bats
  3 frilled lizards
  A jackal skeleton (D:4)
  A jackal zombie (D:7)
  8 kobolds
  A leopard gecko skeleton (D:5)
  A leopard gecko zombie (D:5)
  5 rats
280 creatures vanquished.

Notes
Turn   | Place    | Note
-------+----------+-------------------------------------------
     0 | D:1      | Fang the Gargoyle Berserker began the quest for the Orb.
     0 | D:1      | Reached XP level 1. HP: 14/14 MP: 1/1
   105 | D:1      | Reached skill level 3 in Axes
   105 | D:1      | Reached XP level 2. HP: 19/19 MP: 2/2
   400 | D:1      | Reached XP level 3. HP: 24/24 MP: 3/3
   917 | D:2      | Found a sacrificial altar of Ru.
   917 | D:2      | Found a shadowy altar of Dithmenos.
  1192 | D:2      | Reached XP level 4. HP: 29/29 MP: 4/4
  1243 | D:2      | Reached ** piety under Trog
  1613 | D:2      | Found a burning altar of Makhleb.
  1767 | D:3      | Noticed Naiya55's ghost (amateur GrEE)
  1805 | D:3      | Killed Naiya55's ghost
  1805 | D:3      | Reached skill level 4 in Axes
  1805 | D:3      | Reached skill level 1 in Stealth
  1805 | D:3      | Reached XP level 5. HP: 28/34 MP: 5/5
  2095 | D:3      | Reached XP level 6. HP: 28/39 MP: 6/6
  2427 | D:3      | Found a runed door.
  2482 | D:3      | Noticed Grinder
  2496 | D:3      | Killed Grinder
  2496 | D:3      | Reached skill level 5 in Axes
  2789 | D:3      | Noticed Crazy Yiuf
  2794 | D:3      | Killed Crazy Yiuf
  2794 | D:3      | Reached XP level 7. HP: 44/44 MP: 7/7
  3115 | D:4      | Noticed Eustachio
  3122 | D:4      | Killed Eustachio
  3122 | D:4      | Reached *** piety under Trog
  3122 | D:4      | Reached skill level 6 in Axes
  3130 | D:4      | Reached skill level 5 in Fighting
  3187 | D:4      | Found a staircase to the Ecumenical Temple.
  3234 | D:4      | Reached XP level 8. HP: 18/49 MP: 8/8
  3610 | D:4      | Noticed Ijyb
  3626 | D:4      | Killed Ijyb
  3730 | D:4      | Found Qunamnen's Armour Shop.
  3893 | Temple   | Entered the Ecumenical Temple
  3996 | D:5      | Entered Level 5 of the Dungeon
  4142 | D:5      | Got an ancient ring mail
  4157 | D:5      | Identified the +1 ring mail of the Pit {Str+5 SInv Stlth+} (You found it on level 5 of the Dungeon)
  4238 | D:5      | Reached skill level 7 in Axes
  4640 | D:6      | Noticed Edmund
  4658 | D:6      | Killed Edmund
  5026 | D:6      | Reached XP level 9. HP: 55/55 MP: 9/9
  5038 | D:6      | Reached skill level 8 in Axes
  5038 | D:6      | Reached **** piety under Trog
  5301 | D:6      | Found a blossoming altar of Fedhas.
  5757 | D:7      | Noticed a two-headed ogre
  5767 | D:7      | Killed a two-headed ogre
  5767 | D:7      | Reached skill level 9 in Axes
  5767 | D:7      | Reached skill level 5 in Stealth
  6032 | D:7      | Found a shattered altar of Ashenzari.
  6094 | D:7      | Found an ornate altar of the Wu Jian Council.
  6127 | D:7      | Reached XP level 10. HP: 59/61 MP: 10/10
  6355 | D:8      | Reached ***** piety under Trog
  6469 | D:8      | Found a sparkling altar of Nemelex Xobeh.
  6605 | D:8      | Reached skill level 10 in Axes
  6740 | D:8      | Found a burning altar of Makhleb.
  6740 | D:8      | Found a basalt altar of Yredelemnul.
  6745 | D:8      | Found a shimmering altar of Xom.
  6747 | D:8      | Found a shattered altar of Ashenzari.
  6747 | D:8      | Found a bloodstained altar of Trog.
  6748 | D:8      | Found a deep blue altar of Sif Muna.
  6749 | D:8      | Found a white marble altar of Elyvilon.
  6750 | D:8      | Found a snail-covered altar of Cheibriados.
  7225 | D:9      | Found a transporter.
  7257 | D:9      | Found a transporter.
  7261 | D:9      | Noticed Erolcha
  7267 | D:9      | Killed Erolcha
  7646 | D:9      | Reached skill level 11 in Axes
  7649 | D:9      | Reached skill level 5 in Armour
  7653 | D:9      | Reached XP level 11. HP: 63/68 MP: 2/11
  7796 | D:10     | Entered Level 10 of the Dungeon
  7804 | D:10     | Found a staircase to the Lair.
  8041 | D:10     | Noticed an unseen horror
  8053 | D:10     | Killed an unseen horror
  8053 | D:10     | Reached skill level 5 in Dodging
  8222 | D:10     | Found Darestam's Jewellery Emporium.
  8470 | D:10     | Reached skill level 12 in Axes
  8473 | D:10     | Received a gift from Trog
  8766 | D:11     | Noticed Urug
  8781 | D:11     | Killed Urug
  9148 | D:11     | Received a gift from Trog
  9162 | D:11     | Noticed Maurice
  9182 | D:11     | Killed Maurice
  9283 | D:11     | Noticed Fannar
  9299 | D:11     | Killed Fannar
  9642 | D:11     | Reached ****** piety under Trog
  9649 | D:11     | Noticed a red ugly thing
  9655 | D:11     | Reached XP level 12. HP: 49/75 MP: 12/12
  9659 | D:11     | Mangled by a red ugly thing

Skill      XL: |  1  2  3  4  5  6  7  8  9 10 11 |
---------------+----------------------------------+-----
Axes           | 3 4 5 6 7 9 11 12 | 12.8
Dodging        | 2 3 4 5 |  5.3
Fighting       | 4 5 6 7 8 |  8.8
Stealth        | 1 2 4 5 6 7 |  7.9
Armour         | 3 4 5 |  5.9

Action                   |  1- 3 |  4- 6 |  7- 9 | 10-12 || total
-------------------------+-------+-------+-------+-------++-------
Melee: Hand axe          |   154 |   140 |   203 |       ||   497
       Battleaxe         |       |       |    97 |   244 ||   341
Invok: Berserk           |       |     3 |     6 |     4 ||    13
       Burn Spellbooks   |       |       |       |     1 ||     1
  Use: Scroll            |       |       |    24 |     4 ||    28
 Stab: Sleeping          |       |     2 |    16 |    13 ||    31
  Eat: Chunk             |     1 |     5 |    17 |     6 ||    29
       Ration            |       |     1 |       |     2 ||     3
Armor: Animal skin       |    47 |    26 |    12 |       ||    85
       Ring mail         |       |       |    73 |    77 ||   150
Dodge: Dodged            |   127 |   122 |   229 |   209 ||   687
